 Dungeon Crawl Stone Soup version 0.28-a0-861-ge64d6db94f (webtiles) character file.

Game seed: 18215512728803898926

64 vurker the Gusty (level 4, -22/25 HPs)
             Began as a Tengu Air Elementalist on Nov 15, 2021.
             Annihilated by Crazy Yiuf (27 damage)
             ... on level 2 of the Dungeon.
             The game lasted 00:02:15 (2152 turns).

vurker the Gusty (Tengu Air Elementalist)           Turns: 2152, Time: 00:02:16

Health: -22/25     AC:  2    Str:  9    XL:     4   Next: 12%
Magic:  9/9        EV: 16    Int: 16    God:
Gold:   156        SH:  0    Dex: 14    Spells: 3/8 levels left

rFire   . . .      SeeInvis .   k - staff of conjuration
rCold   . . .      Faith    .   (no shield)
rNeg    . . .      Spirit   .   a - +0 robe
rPois   .          Reflect  .   (helmet restricted)
rElec   .          Harm     .   (no cloak)
rCorr   .          Rampage  .   (no gloves)
Will    .....                   (boots unavailable)
Stlth   ++........              e - amulet of magic regeneration
HPRegen 0.08/turn               c - ring of wizardry
MPRegen 0.36/turn               f - +4 ring of evasion

@: about to teleport, weak-willed, hasted, very quick
A: beak, talons 3
a: no special abilities


You were on level 2 of the Dungeon.
You visited 1 branch of the dungeon, and saw 2 of its levels.

You collected 156 gold pieces.

Inventory:

Armour
 a - a +0 robe (worn)
Magical Staves
 k - a staff of conjuration (weapon)
   (You found it on level 2 of the Dungeon)
Jewellery
 c - a ring of wizardry (left hand)
   (You found it on level 1 of the Dungeon)
 e - an amulet of magic regeneration (around neck)
   (You found it on level 1 of the Dungeon)
 f - a +4 ring of evasion (right hand)
   (You found it on level 1 of the Dungeon)
 g - a ring of resist corrosion
   (You found it on level 1 of the Dungeon)
Wands
 v - a wand of digging (3)
   (You found it on level 2 of the Dungeon)
Scrolls
 d - a scroll of vulnerability
Potions
 b - 2 potions of heal wounds
 h - a potion of flight {unknown}


   Skills:
 + Level 1.3 Fighting
 - Level 2.1 Dodging
 - Level 2.0 Stealth
 * Level 2.7 Spellcasting
 + Level 2.3 Conjurations
 * Level 4.9 Air Magic


You had 3 spell levels left.
You knew the following spells:

 Your Spells              Type           Power      Damage    Failure   Level
a - Shock                 Conj/Air       80%        1d8       1%          1
c - Airstrike             Air            9%         N/A       11%         4

Your spell library contained the following spells:

 Spells                   Type           Power      Damage    Failure   Level
 Static Discharge         Conj/Air       20%        N/A       2%          2
 Swiftness                Air            18%        N/A       3%          3
 Tukima's Dance           Hex            2%         N/A       22%         3
 Passage of Golubria      Tloc           2%         N/A       56%         4
 Yara's Violent Unravell  Hex/Tmut       1%         3d3       88%         5


Dungeon Overview and Level Annotations

Branches:
Dungeon (2/15)

Altars:

Annotations:
D:2 Crazy Yiuf


Innate Abilities, Weirdness & Mutations

You have a beak for a mouth.
You have claws for feet.


Message History

Key pressed, stopping explore.
You can't see any susceptible monsters within range! (Use Z to cast anyway.)
You can't see any susceptible monsters within range! (Use Z to cast anyway.) Could not explore, unopened runed door.
You can't see any susceptible monsters within range! (Use Z to cast anyway.) Could not explore, unopened runed door.
Could not explore, unopened runed door.
You can't see any susceptible monsters within range! (Use Z to cast anyway.)
Okay, then.
This spell is extremely dangerous to cast!
Memorise Airstrike, consuming 4 spell levels and leaving 3?
You start memorising the spell.
You continue memorising. x4
You finish memorising.
Spell assigned to 'b'.
Adjust (i)tems, (s)pells, or (a)bilities?
Adjust which spell? b - Airstrike Adjust to which letter? c - Airstrike You open the door.
Crazy Yiuf drinks a potion.
Crazy Yiuf goes berserk!
As you read the scroll labelled VUOTYU NOEVE, it crumbles to dust.
Magic quickly surges around you.
It was a scroll of vulnerability.
Crazy Yiuf closely misses you.
As you read the scroll labelled AXENEBLOMU, it crumbles to dust.
It is a scroll of enchant weapon.
You aren't carrying any weapons that can be enchanted.
Crazy Yiuf closely misses you. Crazy Yiuf barely misses you.
As you read the scroll labelled POQEXTEUTI, it crumbles to dust.
It is a scroll of identify.
b - 2 potions of heal wounds Crazy Yiuf closely misses you.
Crazy Yiuf misses you. Crazy Yiuf misses you.
You feel a surge of power!
The zap hits Crazy Yiuf!
The zap hits Crazy Yiuf.
Crazy Yiuf hits you with a +2 quarterstaff of chaos!
Ouch! That really hurt!
* * * LOW HITPOINT WARNING * * *
You feel yourself speed up.
Okay, then.
As you read the scroll labelled QAUROY MAINKOR, it crumbles to dust.
The creatures around you are filled with an inner flame!
It was a scroll of immolation.
Crazy Yiuf hits you with a +2 quarterstaff of chaos.
* * * LOW HITPOINT WARNING * * *
You resist with some effort.
As you read the scroll labelled UBOASTR ZY ZANA, it crumbles to dust.
You feel strangely unstable.
It was a scroll of teleportation.
Crazy Yiuf hits you with a +2 quarterstaff of chaos!!
Ouch! That really hurt!
You die...

.....##.#.#####.###
#.#.#
.....##...).....#
#.#.#
......##...###..#
#.#.##
......##.>...#..#
#########.#..#
...##############
#.........#..# ...#
############)# ####
######## #.# ###
####......# #.#
#)..###
##@#...###.# #.#
#...'.####g.....#
#.# #.#
#...##..#......##
#.# #.# ###
###.#..#.## #.# #)#
######## #.# #.#
#.# #.#
###############.#
#.#
#...............#
#.#
#######.#########
#.#


You could see Crazy Yiuf (berserk, inner flame, weak-willed).

Vanquished Creatures
  Terence (D:2)
  A dart slug (D:2)
  5 ball pythons
  5 bats
  6 endoplasms
  2 giant cockroaches
  2 goblins
  2 hobgoblins
  3 kobolds (D:2)
  2 quokkas
  A frilled lizard (D:2)
  5 rats
35 creatures vanquished.

Vanquished Creatures (others)
  5 fungi (D:2)
  5 toadstools (D:2)
10 creatures vanquished.

Grand Total: 45 creatures vanquished

Notes
Turn   | Place    | Note
-------+----------+-------------------------------------------
     0 | D:1      | vurker the Tengu Air Elementalist began the quest for the
                  | Orb.
     0 | D:1      | Reached XP level 1. HP: 10/10 MP: 4/4
   402 | D:1      | Reached XP level 2. HP: 16/16 MP: 1/6
  1222 | D:2      | Reached XP level 3. HP: 20/20 MP: 4/7
  1260 | D:2      | Found a runed translucent door.
  1261 | D:2      | Noticed Crazy Yiuf
  1414 | D:2      | Reached skill level 1 in Fighting
  1565 | D:2      | Noticed Terence
  1586 | D:2      | Killed Terence
  1693 | D:2      | Reached XP level 4. HP: 25/25 MP: 6/9
  2136 | D:2      | Learned a level 4 spell: Airstrike
  2152 | D:2      | Annihilated by Crazy Yiuf

Illustrated notes

Levels and vault maps discovered:
D:1:      dpeg_arrival_arbitrary_b, layout_loops_ring
D:2:      layout_basic, minmay_gold_behind_fungi, uniq_terence,
          uniq_crazy_yiuf_cottage

Skill      XL: |  1  2  3 |
---------------+----------+-----
Conjurations   | 2 |  2.3
Fighting       | 1 |  1.3
Dodging        | |  2.1
Stealth        | |  2.0
Spellcasting   | |  2.7
Air Magic      | |  4.9

Action                   |  1- 3 |  4- 6 || total
-------------------------+-------+-------++-------
Melee: Unarmed           |    16 |       ||    16
       Kick              |     4 |       ||     4
       Peck              |     2 |       ||     2
 Cast: Shock             |    63 |    13 ||    76
  Use: Scroll            |       |     5 ||     5
Armor: Robe              |     5 |       ||     5
Dodge: Dodged            |    17 |    10 ||    27

Table legend: (Time is in decaauts)
 A = Elapsed time spent in this place.
 B = Non-inter-level travel time spent in this place.
 C = Inter-level travel time spent in this place.
 D = Time resting spent in this place.
 E = Time spent auto-exploring this place.
 F = Levels seen in this place.
 G = Mean time per level.
                   A        B        C        D        E       F      G
               +--------+--------+--------+--------+--------+-----+--------+
         Total |   2149 |   2082 |     67 |      0 |   1826 |   2 | 1074.5 |
       Dungeon |   2149 |   2082 |     67 |      0 |   1826 |   2 | 1074.5 |
               +--------+--------+--------+--------+--------+-----+--------+

Top non-repeatable levels by time:
     D:2: 1167 daAuts
     D:1: 982 daAuts
